 Dungeon Crawl Stone Soup version 0.26.0-10-g1f06aea511 (webtiles) character file.

Game seed: 12860029429162506574

7086 Borgoz the Fighter (level 11, 0/106 HPs)
             Began as a Gargoyle Berserker on Jan 14, 2021.
             Was a High Priest of Trog.
             Slain by a komodo dragon (19 damage)
             ... on level 11 of the Dungeon.
             The game lasted 00:12:28 (11406 turns).

Borgoz the Fighter (Gargoyle Berserker)            Turns: 11406, Time: 00:12:28

Health: 0/106      AC: 16    Str: 21    XL:     11   Next: 9%
Magic:  11/11      EV: 14    Int:  8    God:    Trog [*****.]
Gold:   608        SH:  5    Dex:  9    Spells: 10/10 levels left

rFire    + + +     SeeInvis +   c - +7 war axe of Karma {holy, rF+++ Dex-3 SInv}
rCold    + . .     Faith    .   (no shield)
rNeg     + . .     Spirit   .   e - +2 leather armour {rC+}
rPois    ∞         Reflect  +   (no helmet)
rElec    +         Harm     .   (no cloak)
rCorr    +         Rampage  .   (no gloves)
Will     .....                  l - +1 pair of boots (curse)
Stlth    ..........             i - amulet of reflection
HPRegen  0.27/turn              (no ring)
MPRegen  0.12/turn              m - ring of resist corrosion

@: berserking, very quick
A: negative energy resistance 1, electricity resistance, unbreathing,
petrification resistance, miasma immunity, AC +8
a: Renounce Religion, Berserk, Trog's Hand, Brothers in Arms


You were on level 11 of the Dungeon.
You worshipped Trog.
Trog was extremely pleased with you.
You visited 1 branch of the dungeon, and saw 11 of its levels.

You collected 725 gold pieces.
You spent 117 gold pieces at shops.

Inventory:

Hand Weapons
 c - the +7 war axe of Karma (weapon) {holy, rF+++ Dex-3 SInv}
   (You found it on level 8 of the Dungeon)

   It has been blessed by the Shining One to cause great damage to the undead
   and demons.
   It affects your dexterity (-3).
   It renders you almost immune to fire.
   It lets you see invisible.
 y - the +8 dagger "Suarph" {holy, *Corrode Str+5}
   (You took it off a crimson imp on level 9 of the Dungeon)

   It has been blessed by the Shining One to cause great damage to the undead
   and demons.
   It affects your strength (+5).
   It may corrode you when you take damage.
Armour
 e - a +2 leather armour of cold resistance (worn)
 l - a cursed +1 pair of boots (worn)
Jewellery
 i - an amulet of reflection (around neck)
 m - a ring of resist corrosion (right hand)
 s - an uncursed ring of ice
 v - an uncursed amulet of faith {unknown}
 x - an uncursed amulet of guardian spirit {unknown}
Wands
 b - a wand of flame (3)
 B - a wand of enslavement (8)
 D - a wand of random effects (10)
Scrolls
 a - a scroll of enchant armour
 f - 4 scrolls of teleportation
 j - 3 scrolls of enchant weapon
 k - 4 scrolls of remove curse
 n - 2 scrolls of fear
 q - a scroll of fog
 t - 3 scrolls of identify
 w - a scroll of immolation {unknown}
 z - a scroll of magic mapping {unknown}
Potions
 d - 4 potions of mutation
 g - 2 potions of curing
 h - a potion of ambrosia {unknown}
 o - 2 potions of heal wounds
 p - a potion of resistance
 r - a potion of invisibility {unknown}
 u - a potion of might
 A - a potion of cancellation {unknown}
 C - a potion of lignification {unknown}


   Skills:
 + Level 9.5 Fighting
 * Level 4.9(6.7) Axes
 - Level 7.8(8.6) Maces & Flails
 + Level 9.2 Armour
 + Level 7.0 Dodging


You had 10 spell levels left.
You didn't know any spells.
Your spell library was empty.

Dungeon Overview and Level Annotations

Branches:
Dungeon (11/15)            Temple (0/1) D:7             Orc (0/2) D:10
   Lair: D:8-11

Altars:
Ashenzari
Elyvilon
Fedhas
Nemelex Xobeh
Vehumet
Yredelemnul

Shops:
D:4 (   D:9 =?!}

Annotations:
D:2 exclusion: oklob plant
D:7 3 runed translucent doors, kaychamo's ghost, novice BaSu


Innate Abilities, Weirdness & Mutations

You are resistant to torment.
Your stone body is resilient. (AC +8)
You are immune to poison.
You resist negative energy. (rN+)
You are resistant to electric shocks. (rElec)
You can survive without breathing.
You are immune to petrification.
You are immune to miasma.


Message History

You are too injured to fight recklessly!
You are too injured to fight recklessly!
You feel much better.
The unseen horror hits you but does no damage.
The wight hits you from afar with a +3 spear.
The komodo dragon bites you!
* * * LOW HITPOINT WARNING * * *
The wight hits you from afar with a +0 halberd.
* * * LOW HITPOINT WARNING * * *
A red film seems to cover your vision as you go berserk!
You feel yourself moving faster!
You feel mighty!
The unseen horror hits you but does no damage.
You block the wight's attack. The komodo dragon misses you.
The wight hits you from afar with a +0 halberd.
* * * LOW HITPOINT WARNING * * *
You slash the komodo dragon!
The komodo dragon is heavily wounded.
You slash the unseen horror! The unseen horror barely misses you.
The wight misses you. The komodo dragon bites you!!
You die...

#...(...#
#.......# #.#
#.......# #.#
##.......# #.#
.........# #.#
########.# #.#
#.# #.#
#.#####.#####.###
#........@loo$...
#.########xzs....
#.#


lz..... #.# Y...... #.# )...P.. #.P ..P.P.. #.P .PPP... .. ...PP.. You could see
a komodo dragon, an unseen horror (invisible), a wyvern, an ice beast, a
scorpion, 2 wights and 2 orcs.

Vanquished Creatures
  Pikel (D:7)
  Joseph (D:7)
  Maggie (D:8)
  A troll (D:9)
  Sigmund (D:5)
  A wyvern (D:8)
  3 yaks (D:9)
  A steam dragon (D:8)
  3 orc warriors
  2 sky beasts
  2 black bears
  4 ice beasts
  3 phantoms
  4 ogres
  4 centaurs
  2 lemures (D:7)
  A big kobold (D:7)
  7 bullfrogs
  3 scorpions
  4 killer bees (D:9)
  10 wights
  A howler monkey (D:10)
  6 crimson imps (D:9)
  3 centaur zombies
  2 jellies
  A quasit (D:5)
  8 hounds
  2 bullfrog zombies
  4 orc priests
  A centaur skeleton (D:5)
  6 orc wizards
  4 bullfrog skeletons
  A gnoll shaman (D:9)
  3 iguanas
  6 worker ants
  2 hound skeletons
  7 gnolls
  A gnoll zombie (D:4)
  15 adders
  2 orc zombies (D:4)
  2 shadow imps
  6 white imps
  3 ufetubi
  An ooze (D:2)
  3 adder skeletons
  An adder zombie (D:9)
  2 worms
  2 dart slugs
  5 leopard geckos
  33 orcs
  5 giant cockroaches
  6 goblins
  7 hobgoblins
  11 kobolds
  4 quokkas
  5 bats
  2 frilled lizards
  A jackal skeleton (D:5)
  5 rats
238 creatures vanquished.

Vanquished Creatures (others)
  13 fungi (D:11)
  13 plants (D:11)
26 creatures vanquished.

Grand Total: 264 creatures vanquished

Notes
Turn   | Place    | Note
-------+----------+-------------------------------------------
     0 | D:1      | Borgoz the Gargoyle Berserker began the quest for the Orb.
     0 | D:1      | Reached XP level 1. HP: 14/14 MP: 1/1
   233 | D:1      | Reached XP level 2. HP: 19/19 MP: 2/2
   829 | D:2      | Reached XP level 3. HP: 22/23 MP: 3/3
  1065 | D:2      | Reached XP level 4. HP: 25/29 MP: 4/4
  1459 | D:2      | Reached ** piety under Trog
  1737 | D:2      | Found a blossoming altar of Fedhas.
  1756 | D:2      | Noticed an oklob plant
  2144 | D:3      | Found a sparkling altar of Nemelex Xobeh.
  2146 | D:3      | Found a radiant altar of Vehumet.
  2287 | D:3      | Reached XP level 5. HP: 33/33 MP: 5/5
  2967 | D:4      | Found Tos Julu's Antique Weapon Emporium.
  3061 | D:4      | Reached XP level 6. HP: 33/39 MP: 6/6
  3139 | D:4      | Found a transporter.
  3158 | D:4      | Noticed an ice beast
  3168 | D:4      | Killed an ice beast
  3285 | D:4      | Found a transporter.
  3399 | D:4      | Reached skill level 5 in Fighting
  3690 | D:4      | Reached XP level 7. HP: 43/44 MP: 7/7
  4103 | D:5      | Entered Level 5 of the Dungeon
  4146 | D:5      | Noticed Sigmund
  4157 | D:5      | Killed Sigmund
  4158 | D:5      | Reached skill level 5 in Maces & Flails
  4288 | D:5      | Reached skill level 5 in Armour
  4407 | D:5      | Found a white marble altar of Elyvilon.
  4792 | D:5      | Reached XP level 8. HP: 38/51 MP: 8/8
  4981 | D:5      | Found a basalt altar of Yredelemnul.
  5550 | D:6      | Found a broken altar of Ashenzari.
  5563 | D:6      | Reached *** piety under Trog
  6353 | D:6      | Reached XP level 9. HP: 49/56 MP: 9/9
  6803 | D:7      | Noticed Joseph
  6821 | D:7      | Killed Joseph
  6822 | D:7      | Reached skill level 5 in Dodging
  7076 | D:7      | Found a runed translucent gate.
  7076 | D:7      | Found a runed translucent gate.
  7076 | D:7      | Found a runed translucent gate.
  7077 | D:7      | Noticed kaychamo's ghost (novice BaSu)
  7086 | D:7      | Noticed Pikel
  7115 | D:7      | Killed Pikel
  7275 | D:7      | Found a staircase to the Ecumenical Temple.
  8139 | D:8      | Noticed Maggie
  8169 | D:8      | Killed Maggie
  8170 | D:8      | Reached XP level 10. HP: 43/64 MP: 10/10
  8415 | D:8      | Got a pitted war axe
  8416 | D:8      | Identified the +7 war axe of Karma {holy, rF+++ Dex-3 SInv}
                  | (You found it on level 8 of the Dungeon)
  8702 | D:8      | Reached skill level 1 in Axes
  8994 | D:8      | Reached **** piety under Trog
  9611 | D:9      | Found Goed's Gadget Emporium.
  9652 | D:9      | Found Idesof's Magic Scroll Boutique.
  9656 | D:9      | Found Weevischaghu's Distillery.
  9666 | D:9      | Bought a potion of heal wounds for 65 gold pieces
  9666 | D:9      | Bought a potion of might for 52 gold pieces
 10570 | D:9      | Found Sasorr's Jewellery Boutique.
 10738 | D:9      | Identified the +8 dagger "Suarph" {holy, *Corrode Str+5}
 10754 | D:9      | Reached XP level 11. HP: 71/71 MP: 11/11
 10784 | D:10     | Entered Level 10 of the Dungeon
 10805 | D:10     | Found a staircase to the Orcish Mines.
 10861 | D:10     | Reached ***** piety under Trog
 11394 | D:11     | Noticed an unseen horror
 11406 | D:11     | Slain by a komodo dragon

Illustrated notes

Levels and vault maps discovered:
D:1:      saegor_arrival_simple_e, layout_basic
D:2:      minmay_wonky_spiral, layout_basic, tgw_fedhas
D:3:      layout_basic, nicolae_overflow_hidden_temple, grunt_ministairs_15
D:4:      gammafunk_cloud_chamber, layout_loops_ring, serial_shops,
          nicolae_shop_stone, kennysheep_generic_room_10
D:5:      layout_basic, kennysheep_ying_yang, grunt_ministairs_8, uniq_sigmund
D:6:      layout_basic, basic_altar
D:7:      layout_basic, minmay_temple_entry_glassed_door, gammafunk_ghost_split,
          minmay_diced_spiral, uniq_joseph, uniq_pikel
D:8:      layout_basic, minmay_between, uniq_maggie
D:9:      layout_long_grid, serial_shops, shop, shop, shop, shop_fountains,
          minmay_nine_imps
D:10:     layout_cave_pools, orc_0_dummy
D:11:     layout_small_grid, due_lair_maze_entry_diamond, uniq_nergalle

Skill      XL: |  1  2  3  4  5  6  7  8  9 10 11 |
---------------+----------------------------------+-----
Dodging        | 2 3 4 6 7 |  7.0
Armour         | 3 4 5 6 8 9 |  9.2
Fighting       | 4 5 6 8 9 |  9.5
Maces & Flails | 4 5 6 7 |  7.8
Axes           | 4 |  4.9

Action                   |  1- 3 |  4- 6 |  7- 9 | 10-12 || total
-------------------------+-------+-------+-------+-------++-------
Melee: Mace              |    14 |       |   109 |    34 ||   157
       Whip              |    71 |   158 |   352 |       ||   581
       War axe           |       |       |       |   225 ||   225
Invok: Berserk           |     2 |     2 |     5 |     4 ||    13
       Trog's Hand       |       |       |     2 |     1 ||     3
  Use: Scroll            |       |       |    12 |     1 ||    13
       Potion            |       |       |     1 |     1 ||     2
Armor: Ring mail         |    37 |    66 |   140 |       ||   243
       Leather armour    |       |       |    83 |   121 ||   204
Dodge: Dodged            |    46 |    78 |   310 |   230 ||   664
Block: Other             |       |       |    78 |    67 ||   145
       Reflection        |       |       |     5 |     2 ||     7
